 Dungeon Crawl Stone Soup version 0.19-a0-1213-g90c832c (webtiles) character file.

1641 Eldritch the Shield-Bearer (level 8, -5/73 HPs)
             Began as a Deep Dwarf Fighter on Aug 22, 2016.
             Was a Priest of Uskayaw.
             Slain by an orc warrior
             ... wielding a +0 glaive
              (11 damage)
             ... on level 7 of the Dungeon.
             The game lasted 00:11:00 (4529 turns).

Eldritch the Shield-Bearer (Deep Dwarf Fighter)     Turns: 4529, Time: 00:11:01

Health: -5/73      AC:  8    Str: 21    XL:     8   Next: 66%
Magic:  7/7        EV:  9    Int:  9    God:    Uskayaw [***...]
Gold:   373        SH: 13    Dex: 13    Spells: 0 memorised, 7 levels left

rFire  + . .     SeeInvis .     E - +3 hand axe
rCold  . . .     Gourm    .     b - +0 scale mail
rNeg   . . .     Faith    .     c - +0 shield
rPois  .         Spirit   .     (no helmet)
rElec  .         Dismiss  .     D - +0 cloak
rCorr  .         Reflect  +     (no gloves)
MR     +....     Harm     .     (no boots)
Stlth  ..........               i - +3 amulet of reflection
                                (no ring)
                                v - ring of protection from fire

@: non-regenerating, heavily drained
A: damage resistance, recharge devices, sense surroundings 1, slow regeneration
3
a: Device Recharging, Stomp, Line Pass, Renounce Religion


You were on level 7 of the Dungeon.
You worshipped Uskayaw.
Uskayaw was noncommittal.
You were hungry.

You visited 2 branches of the dungeon, and saw 8 of its levels.

You collected 373 gold pieces.

Inventory:

Hand Weapons
 w - a +1 flail
 y - the +9 whip of the Rattle-Snake {venom, *Confuse +Fly SInv Stlth+}
   (You found it on level 5 of the Dungeon)

   It poisons the flesh of those it strikes.
   It lets you see invisible.
   It lets you fly.
   It may confuse you when you take damage.
   It makes you more stealthy.
 E - a +3 hand axe (weapon)
Armour
 b - a +0 scale mail (worn)
 c - a +0 shield (worn)
 D - a +0 cloak (worn)
Jewellery
 i - a +3 amulet of reflection (around neck)
 v - a ring of protection from fire (left hand)
Wands
 e - a wand of heal wounds (1/9)
 r - a wand of flame (14/48)
 t - a wand of acid (2/15)
 C - a wand of digging (6/24)
Scrolls
 h - 2 scrolls of amnesia
 m - 4 scrolls of blinking
 p - a scroll of fog
 q - 4 scrolls of enchant weapon
 s - 3 scrolls of remove curse
 A - 2 scrolls of identify
Potions
 d - 2 potions of might
 j - 3 potions of agility {unknown}
 k - a potion of brilliance {unknown}
 l - 4 potions of haste {unknown}
 o - 6 potions of lignification {unknown}
 x - 2 potions of flight {unknown}
 z - a potion of cancellation {unknown}
 B - a potion of degeneration {unknown}
Comestibles
 f - a bread ration
 g - a meat ration
 n - a beef jerky


   Skills:
 + Level 4.6(3.4) Fighting
 + Level 5.2(4.0) Axes
 + Level 6.7(5.4) Armour
 + Level 4.4(3.2) Dodging
 - Level 0.6(0.0) Stealth
 + Level 6.9(5.6) Shields
 + Level 2.6(1.5) Evocations


You had 7 spell levels left.
You didn't know any spells.

Dungeon Overview and Level Annotations

Branches:
Dungeon (7/15)             Temple (1/1) D:6

Altars:
Ashenzari
Cheibriados
Dithmenos
Elyvilon
Fedhas
Gozag
Hepliaklqana
Kikubaaqudgha
Nemelex Xobeh
Okawaru
Qazlal
Ru
Sif Muna
Uskayaw
Vehumet
Yredelemnul
Zin
The Shining One


Innate Abilities, Weirdness & Mutations

You are resistant to damage.
You can recharge devices by infusing magical energy.
You passively map a small area around you.
You do not regenerate.


Message History

a whip x2
You are too injured to fight recklessly!
You are too injured to fight recklessly!
You are too injured to fight recklessly!
You are too injured to fight recklessly!
You are too injured to fight recklessly!
You are too injured to fight recklessly!
You are too injured to fight recklessly!
You are too injured to fight recklessly!
You are too injured to fight recklessly!
You are too injured to fight recklessly!
You are too injured to fight recklessly!
You are too injured to fight recklessly!
You are too injured to fight recklessly!
You are too injured to fight recklessly!
You are too injured to fight recklessly!
You are too injured to fight recklessly!
You are too injured to fight recklessly!
The orc warrior hits you from afar with a glaive!
You die...

* **###..#### * , , ,,
, #...###.###, ,
,..>..#........+ *
.... #........# , ,,
... ,#........# , ,, ,
#...##..##*,* , ,
###+##..## * , +
#######....#...#,, , ,
, , #.oKK)@....'...# ,
,
..K...'..Ko##...##...#
*
##.o..##.oo###########
, , , *#(..o #...# ,,
.....* #####, ,, ,
..o..+ *, * *, .... *
, + * .... ***'* , ,
,, , ,


You could see an orc warrior, an orc wizard, an orc and 3 kobolds.

Vanquished Creatures
  Grinder (D:5)
  An orc warrior (D:6)
  A black bear (D:6)
  A phantom (D:5)
  A centaur (D:6)
  A big kobold (D:7)
  A scorpion (D:6)
  7 wights (D:6)
  A howler monkey (D:4)
  A crimson imp (D:6)
  3 hounds
  3 orc wizards
  2 centaur skeletons
  A giant frog skeleton (D:4)
  Jessica (D:2)
  3 worker ants
  A hound zombie (D:6)
  Robin (D:2)
  3 gnolls (D:6)
  8 adders
  A shadow imp (D:6)
  A white imp (D:6)
  An ooze (D:2)
  5 worms
  A dart slug (D:2)
  5 giant geckos
  7 orcs
  4 ball pythons
  14 bats
  2 giant cockroaches
  13 goblins
  9 hobgoblins
  2 jackals (D:2)
  10 kobolds
  3 quokkas
  A giant gecko skeleton (D:5)
  2 giant newts
  19 rats
142 creatures vanquished.

Notes
Turn   | Place    | Note
-------+----------+-------------------------------------------
     0 | D:1      | Eldritch the Deep Dwarf Fighter began the quest for the Orb.
     0 | D:1      | Reached XP level 1. HP: 20/20 MP: 1/1
    24 | D:1      | Reached XP level 2. HP: 25/27 MP: 2/2
   636 | D:2      | Noticed Jessica
   646 | D:2      | Killed Jessica
   646 | D:2      | Reached XP level 3. HP: 29/34 MP: 3/3
   715 | D:2      | Noticed Robin
   728 | D:2      | Reached XP level 4. HP: 24/42 MP: 4/4
   749 | D:2      | Killed Robin
  1011 | D:2      | Reached skill level 1 in Dodging
  1265 | D:3      | Reached XP level 5. HP: 29/49 MP: 5/5
  2087 | D:4      | Reached XP level 6. HP: 41/57 MP: 6/6
  2127 | D:4      | Reached skill level 5 in Shields
  2851 | D:5      | Entered Level 5 of the Dungeon
  3033 | D:5      | Noticed Grinder
  3040 | D:5      | Paralysed by Grinder for 4 turns
  3053 | D:5      | Paralysed by Grinder for 3 turns
  3059 | D:5      | Killed Grinder
  3059 | D:5      | Reached skill level 5 in Armour
  3059 | D:5      | Reached XP level 7. HP: 35/64 MP: 6/6
  3130 | D:5      | Got a transparent whip
  3167 | D:5      | Identified the +9 whip of the Rattle-Snake {venom, *Confuse +Fly SInv Stlth+} (You found it on level 5 of the Dungeon)
  3241 | D:5      | Found a blossoming altar of Fedhas.
  3248 | D:5      | Found a stormy altar of Qazlal.
  3480 | D:6      | Found a shadowy altar of Dithmenos.
  3491 | D:6      | Reached skill level 1 in Evocations
  3659 | D:6      | Reached XP level 8. HP: 42/73 MP: 6/6
  3808 | D:6      | Found a staircase to the Ecumenical Temple.
  3826 | Temple   | Entered the Ecumenical Temple
  3952 | Temple   | Became a worshipper of Uskayaw the Reveler
  4013 | D:6      | Reached * piety under Uskayaw
  4113 | D:6      | Reached ** piety under Uskayaw
  4125 | D:6      | Reached *** piety under Uskayaw
  4126 | D:6      | Reached skill level 5 in Axes
  4529 | D:7      | Slain by an orc warrior

Vault maps used:
D:1:      erik_arrival_orb_chamber, roderic_bipointed_swastika
D:2:      first_bread, kennysheep_generic_room_6, uniq_jessica, uniq_robin
D:3:      wad_pebble_path, portal_sewer_entry_b
D:5:      grunt_temple_overflow_forces_of_nature, uniq_grinder
D:6:      basic_altar, minmay_fire_ice_demons
D:7:      grunt_livestock
Temple:   nicolae_temple_elliptical

Skill      XL: |  1  2  3  4  5  6  7  8 |
---------------+-------------------------+-----
Fighting       | 3 4 |  4.6
Shields        | 4 5 6 |  6.9
Axes           | 3 4 5 |  5.2
Dodging        | 1 2 3 4 |  4.4
Armour         | 4 5 6 |  6.7
Evocations     | 1 2 |  2.6
Stealth        | |  0.6

Action                   |  1- 3 |  4- 6 |  7- 9 || total
-------------------------+-------+-------+-------++-------
Melee: War axe           |    90 |   283 |   226 ||   599
       Hand axe          |       |       |    15 ||    15
Invok: Stomp             |       |       |     1 ||     1
 Abil: Device Recharging |       |     1 |     2 ||     3
Evoke: Wand              |       |     5 |    29 ||    34
  Use: Scroll            |       |     6 |     8 ||    14
       Potion            |       |       |     1 ||     1
 Stab: Paralysed         |       |       |     2 ||     2
  Eat: Bread ration      |       |     1 |       ||     1
       Royal jelly       |       |     1 |       ||     1
       Pizza             |       |     1 |       ||     1
       Meat ration       |       |       |     1 ||     1
Armor: Scale mail        |    43 |   129 |    75 ||   247
Dodge: Dodged            |    21 |   108 |    90 ||   219
Block: Shield            |    57 |   240 |   206 ||   503
       Reflection        |       |     4 |     1 ||     5
